Map: Lerilak Crest

Players

Jetset - Winner!

  • Race: Zerg Zerg
  • League: Bronze

SticklerMac

  • Race: Zerg Zerg
  • League: Grandmaster

VOD

Have the link to the VOD?

Description

Time

  • Played on: July 18, 2015, 10:42 p.m.
  • Length: 5:37
Show
View Real Time Build Order
Export as new Build Order

Jetset Zerg - Winner!

Build Orders: Pool First 

Get SALT Encoding   

  12  0:01  Drone  
  13  0:12  Drone  
  14  0:19  Overlord  
  14  0:33  Spawning Pool  
  13  0:37  Drone  
  14  0:46  Drone  
  14  0:48  Drone  
  14  0:49  Extractor  
  15  0:51  Drone  
  16  1:00  Drone  
  17  1:16  Drone  
  18  1:21  Hatchery  
  17  1:32  Queen  
  19  1:35  Drone  
  19  1:39  Zergling x2  
  21  1:53  Metabolic Boost  
  21  1:56  Overlord  
  21  1:57  Zergling x2  
  22  2:25  Zergling x4  
  22  2:28  Queen  
  26  2:33  Zergling x2  
  26  2:35  Queen  
  29  2:45  Zergling x14  
  36  2:56  Zergling x2  
  36  2:58  Overlord  
  36  3:24  Drone  
  36  3:25  Drone x3  
  34  3:44  Zergling x2  
  34  3:45  Zergling x12  
  39  3:49  Overlord  
  39  3:50  Drone x3  
  40  4:04  Zergling x2  
  40  4:05  Zergling x2  
  42  4:11  Drone  
  42  4:12  Drone  
  44  4:30  Zergling x6  
  44  4:31  Zergling x12  
  51  4:46  Overlord x2  
  51  4:47  Overlord  
  51  5:08  Zergling x8  
  55  5:16  Drone  
  55  5:17  Drone  
Show
View Real Time Build Order
Export as new Build Order

SticklerMac Zerg 

Build Orders: 3 Hatch before Pool 

Get SALT Encoding   

  12  0:01  Drone  
  13  0:08  Drone  
  14  0:17  Overlord  
  14  0:43  Hatchery  
  14  0:45  Drone  
  14  0:49  Drone  
  15  0:54  Drone  
  15  0:56  Drone  
  17  1:22  Hatchery  
  17  1:24  Drone  
  17  1:25  Drone  
  18  1:40  Spawning Pool  
  18  1:43  Drone  
  18  1:50  Drone x2  
  20  1:55  Drone  
  21  2:02  Drone, Extractor  
  21  2:08  Drone  
  22  2:12  Drone  
  22  2:34  Zergling x10  
  25  2:39  Queen  
  25  3:01  Zergling x2  
  26  3:07  Overlord x4  
  26  3:25  Queen x2  
  30  3:29  Zergling x2  
  31  3:36  Metabolic Boost  
  31  3:40  Zergling x2  
Tags
 
Add a new tag
Caveats
  • Supply blocks, unpowered buildings, or Contaminate may cause inaccurate times.
  • Supply counts are checked every 10 seconds.